 Dungeon Crawl Stone Soup version 0.28.0-45-g0d030f2227 (webtiles) character file.

Game seed: 8649452467608811192

1121 Kangaroobicon the Cleaver (level 8, 0/70 HPs)
             Began as a Hill Orc Fighter on Apr 6, 2022.
             Was a Believer of Beogh.
             Slain by a hornet zombie (8 damage)
             ... in an ossuary.
             The game lasted 00:44:30 (3485 turns).

Kangaroobicon the Cleaver (Hill Orc Fighter)        Turns: 3485, Time: 00:44:31

Health: 0/70       AC: 11    Str: 19    XL:     8   Next: 34%
Magic:  8/8        EV:  7    Int:  8    God:    Beogh [**....]
Gold:   203        SH:  5    Dex: 12    Spells: 7/7 levels left

rFire   . . .      SeeInvis .   w - +3 war axe
rCold   . . .      Faith    .   c - +0 buckler
rNeg    . . .      Spirit   .   q - +0 chain mail
rPois   .          Reflect  .   (no helmet)
rElec   .          Harm     .   (no cloak)
rCorr   .          Rampage  .   (no gloves)
Will    .....                   v - +0 pair of boots
Stlth   ..........              t - amulet of magic regeneration
HPRegen 0.21/turn               (no ring)
MPRegen 0.51/turn               (no ring)

@: no status effects
A: no striking features
a: Renounce Religion, Smiting


You were in an ossuary.
You worshipped Beogh.
Beogh was pleased with you.
You visited 1 branch of the dungeon, and saw 4 of its levels.
You also visited: Ossuary.

You collected 231 gold pieces.
You spent 28 gold pieces at shops.

Inventory:

Hand Weapons
 l - a +0 short sword of venom
 u - a +4 whip
 w - a +3 war axe (weapon)
Missiles
 b - 3 poisoned darts (quivered)
 f - 84 arrows
 k - 115 stones
 n - 16 bolts
 o - 33 sling bullets
Armour
 c - a +0 buckler (worn)
 i - a scarf of shadows
 q - a +0 chain mail (worn)
 v - a +0 pair of boots (worn)
Jewellery
 t - an amulet of magic regeneration (around neck)
 B - the ring of Conflict {+Blink rCorr Str-5 Dex+3}
   (You found it in an ossuary)

   [ring of resist corrosion]

   Str:       It affects your strength (-5).
   Dex:       It affects your dexterity (+3).
   +Blink:    It lets you blink.
   rCorr:     It protects you from acid and corrosion.
Scrolls
 e - a scroll of fog
 g - 3 scrolls of enchant weapon
 h - a scroll of fear {unknown}
 p - 2 scrolls of teleportation
 r - a scroll of enchant armour {unknown}
 s - a scroll of blinking {unknown}
 x - 3 scrolls of identify
 y - a scroll of summoning {unknown}
Potions
 a - a potion of haste {unknown}
 d - a potion of might
 j - a potion of attraction {unknown}
 z - a potion of curing {unknown}
 A - a potion of mutation {unknown}
 C - a potion of brilliance {unknown}
 D - 2 potions of lignification {unknown}


   Skills:
 + Level 5.6 Fighting
 + Level 8.9 Axes
 + Level 0.1 Throwing
 + Level 5.7 Armour
 + Level 1.6 Dodging
 + Level 0.6 Stealth
 + Level 4.8 Shields


You had 7 spell levels left.
You didn't know any spells.
Your spell library contained the following spells:

 Spells                   Type           Power      Damage    Failure   Level
 Pain                     Necr           0%         1d4       99%         1
 Scorch                   Fire           0%         2d5       100%        2
 Gell's Gravitas          Tloc           0%         N/A       100%        3
 Teleport Other           Tloc           0%         N/A       100%        3
 Flame Wave               Conj/Fire      0%         2d4       100%        4
 Agony                    Necr           0%         N/A       100%        5
 Excruciating Wounds      Necr           0%         N/A       100%        5
 Dispersal                Tloc           0%         N/A       100%        6
 Summon Cactus Giant      Summ           0%         N/A       100%        6


Dungeon Overview and Level Annotations

Branches:
Dungeon (4/15)            Ossuary (1/1)
 Temple: D:4-7

Altars:
Dithmenos
Hepliaklqana

Shops:
D:1 *


Message History

You hit the mummy.
The mummy is lightly damaged.
You hit the centaur zombie.
The centaur zombie completely misses you.
The centaur zombie closely misses you. The mummy hits you!
You block the centaur zombie's attack.
The centaur zombie kicks you but does no damage.
You hit the mummy.
The mummy is moderately damaged.
You slash the centaur zombie!
You destroy the centaur zombie!
Beogh accepts your kill. The mummy hits you!
You slash the mummy!
You destroy the mummy!
Beogh accepts your kill.
You slash the hornet zombie!
The hornet zombie is moderately damaged.
The hornet zombie hits you!
* * * LOW HITPOINT WARNING * * *
You barely miss the hornet zombie.
The hornet zombie is moderately damaged.
The hornet zombie hits you but does no damage.
The hornet zombie hits you!
* * * LOW HITPOINT WARNING * * *
You barely miss the hornet zombie.
The hornet zombie is moderately damaged.
The hornet zombie hits you.
* * * LOW HITPOINT WARNING * * *
You closely miss the hornet zombie.
The hornet zombie is moderately damaged.
The hornet zombie hits you.
* * * LOW HITPOINT WARNING * * *
Found five items.
There is an open door here.
The hornet zombie barely misses you.
You hit the hornet zombie but do no damage.
The hornet zombie is moderately damaged.
The hornet zombie hits you!
You die...

#############
#.#.#.#.#.#.#
#+#'#'#'#'#'#'###
+.............'.#
##.#####.#####.###
.'.#...#.# #.Z@#
##.'...#.#!??'.###
+.#...#.#?!?#.'
#.#####.#####≈#
+.+ '.' ≈≈≈
##.#####.# #≈≈
.'.#..∩# #..
##.'.∩.# ≈.
.'.#...#


You could see a hornet zombie.

Vanquished Creatures
  A hornet zombie (Ossuary)
  Blork the orc (D:4)
  A wyvern zombie (Ossuary)
  A water moccasin zombie (Ossuary)
  4 bullfrog zombies (Ossuary)
  2 centaur zombies (Ossuary)
  A jelly (D:4)
  2 orc priests (D:4)
  A bullfrog skeleton (D:4)
  An iguana (D:4)
  2 orc wizards (D:4)
  2 killer bee zombies (Ossuary)
  15 mummies (Ossuary)
  6 adders
  3 gnolls (D:2)
  An adder skeleton (D:4)
  A worm (D:3)
  2 dart slugs
  10 orcs
  5 endoplasms
  3 giant cockroaches
  9 hobgoblins
  2 quokkas
  8 ball pythons
  8 bats
  7 frilled lizards
  6 goblins
  9 kobolds
  4 rats
  A spectral hobgoblin (D:3)
119 creatures vanquished.

Vanquished Creatures (others)
  4 withered plants (Ossuary)
4 creatures vanquished.

Grand Total: 123 creatures vanquished

Notes
Turn   | Place    | Note
-------+----------+-------------------------------------------
     0 | D:1      | Kangaroobicon the Hill Orc Fighter began the quest for the
                  | Orb.
     0 | D:1      | Reached XP level 1. HP: 19/19 MP: 1/1
   103 | D:1      | Reached XP level 2. HP: 26/27 MP: 2/2
   163 | D:1      | Found Hyogeas's General Store.
   321 | D:1      | Reached skill level 3 in Axes
   391 | D:1      | Reached XP level 3. HP: 16/33 MP: 3/3
   729 | D:1      | Bought a scroll of identify for 28 gold pieces
   864 | D:2      | Reached XP level 4. HP: 13/40 MP: 4/4
   920 | D:2      | Became a worshipper of Beogh the Brigand
  1085 | D:2      | Found a shadowy altar of Dithmenos.
  1251 | D:2      | Reached skill level 4 in Axes
  1585 | D:3      | Reached XP level 5. HP: 43/46 MP: 5/5
  1999 | D:3      | Reached skill level 5 in Axes
  2014 | D:3      | Reached * piety under Beogh
  2096 | D:3      | Found a hazy altar of Hepliaklqana.
  2329 | D:3      | Found a faded altar of an unknown god.
  2407 | D:4      | Reached skill level 1 in Dodging
  2516 | D:4      | Noticed Blork the orc
  2534 | D:4      | Killed Blork the orc
  2535 | D:4      | Reached XP level 6. HP: 46/53 MP: 6/6
  2544 | D:4      | Reached skill level 6 in Axes
  2602 | D:4      | Reached XP level 7. HP: 11/60 MP: 7/7
  2682 | D:4      | Found a sand-covered staircase.
  2691 | Ossuary  | Entered an ossuary
  2749 | Ossuary  | Reached skill level 5 in Armour
  2815 | Ossuary  | Reached skill level 5 in Fighting
  2820 | Ossuary  | Reached skill level 7 in Axes
  2891 | Ossuary  | Reached ** piety under Beogh
  3078 | Ossuary  | Identified the ring of Conflict {+Blink rCorr Str-5 Dex+3}
  3131 | Ossuary  | Reached skill level 8 in Axes
  3131 | Ossuary  | Reached XP level 8. HP: 20/68 MP: 8/8
  3485 | Ossuary  | Slain by a hornet zombie

Illustrated notes

Levels and vault maps discovered:
D:1:      dpeg_arrival_rooms_with_view, layout_loops_ring, serial_shops,
          nicolae_square_shop, serial_bayou_pond_e
D:2:      layout_basic, basic_altar, nicolae_concentric_dashed_squares_mild,
          kennysheep_generic_room_2
D:3:      minmay_inner_zag, layout_basic,
          nicolae_hepliaklqana_monster_ancestors,
          shapermc_ecumenical_altar_mp_highgroup, minmay_ruptured
D:4:      layout_loops_ring, minmay_overflow_temple_star_quad,
          nicolae_ossuary_entry_monument, uniq_blork_the_orc
Ossuary:  ossuary_zaba_flooded

Skill      XL: |  1  2  3  4  5  6  7 |
---------------+----------------------+-----
Fighting       | 4 5 |  5.6
Axes           | 3 4 5 6 8 |  8.9
Armour         | 4 5 |  5.7
Shields        | 4 |  4.8
Dodging        | 1 |  1.6
Throwing       | |  0.1
Stealth        | |  0.6

Action                   |  1- 3 |  4- 6 |  7- 9 || total
-------------------------+-------+-------+-------++-------
Melee: War axe           |   109 |   140 |   135 ||   384
Throw: Dart              |       |       |     2 ||     2
Invok: Convert to Beogh  |       |     1 |       ||     1
  Use: Scroll            |     1 |     2 |     1 ||     4
       Potion            |       |       |     2 ||     2
Armor: Scale mail        |    44 |     3 |       ||    47
       Chain mail        |       |    86 |    58 ||   144
Dodge: Dodged            |    48 |    46 |    45 ||   139
Block: Buckler           |    32 |    38 |    29 ||    99
